 Dungeon Sprint DCSS version 0.22-a0-565-gfc6459a (webtiles) character file.

4734 Deathmic the Brawler (level 10, -26/165 HPs)
             Began as a Troll Berserker on June 28, 2018.
             Was the Champion of Trog.
             Annihilated by a lorocyproca (33 damage)
             ... in the Dungeon (Sprint I: "Red Sonja").
             The game lasted 00:05:26 (808 turns).

Deathmic the Brawler (Troll Berserker)               Turns: 808, Time: 00:05:28

Health: -26/165    AC:  5    Str: 32    XL:     10   Next: 22%
Magic:  0/9        EV: 16    Int:  3    God:    Trog [******]
Gold:   575        SH:  0    Dex: 12    Spells: 9/9 levels left

rFire    . . .     SeeInvis .   a - +4 battleaxe (distort)
rCold    . . .     Gourm    +   (shield currently unavailable)
rNeg     . . .     Faith    .   k - +0 animal skin
rPois    .         Spirit   .   (helmet restricted)
rElec    .         Reflect  .   (no cloak)
rCorr    .         Harm     .   (gloves unavailable)
MR       .....     NoTele   +   (boots unavailable)
Stlth    ..........             (no amulet)
HPRegen  0.77/turn              (no ring)
MPRegen  0.11/turn              (no ring)

@: confused, berserking, very quick
A: large, unfitting armour, claws 3, fast metabolism 3, gourmand, regeneration
1, shaggy fur 1, tough skin 2
a: Berserk, Trog's Hand, Brothers in Arms, Renounce Religion


You were in the Dungeon.
You worshipped Trog.
Trog was exalted by your worship.
You were completely stuffed.

You visited 1 branch You collected 575 gold pieces.

Inventory:

Hand Weapons
 a - a +4 battleaxe of distortion (weapon)
Armour
 k - a +0 animal skin (worn)
Wands
 i - a wand of polymorph (2)
Scrolls
 h - a scroll of remove curse {unknown}
Potions
 c - 2 potions of curing
 e - a potion of haste
 f - 2 potions of magic
Comestibles
 b - 2 rations
 j - 12 chunks of flesh


   Skills:
 + Level 10.0 Fighting
 + Level 0.1 Axes
 + Level 12.4 Dodging
 + Level 0.1 Stealth
 + Level 15.3 Unarmed Combat


You had 9 spell levels left.
You didn't know any spells.
Your spell library was empty.

Dungeon Overview and Level Annotations

Branches:
Dungeon (1/1)

Altars:
Cheibriados
Dithmenos
Elyvilon
Fedhas
Gozag
Hepliaklqana
Kikubaaqudgha
Makhleb
Nemelex Xobeh
Okawaru
Qazlal
Ru
Sif Muna
Trog
Uskayaw
Vehumet
Wu Jian
Xom
Yredelemnul
Zin
The Shining One
Jiyva
Lugonu

Shops:
D (


Innate Abilities, Weirdness & Mutations

You are too large for most types of armour.
You have claws for hands.
Your metabolism is lightning-fast.
You like to eat raw meat.
Your natural rate of healing is unusually fast.
You are covered in fur. (AC +1)
You have very tough skin. (AC +2)


Message History

Something barely misses you.
You are engulfed in noxious fumes.
You choke on the stench!
You are confused.
Something hits you!!
* * * LOW HITPOINT WARNING * * *
An arrow hits something!
You're too confused!
You feel much better.
You are engulfed in noxious fumes.
You choke on the stench!
You are more confused.
* * * LOW HITPOINT WARNING * * *
Something hits you!!
* * * LOW HITPOINT WARNING * * *
A red film seems to cover your vision as you go berserk!
You feel yourself moving faster!
You feel mighty!
You are engulfed in noxious fumes.
You choke on the stench!
You are more confused.
* * * LOW HITPOINT WARNING * * *
Something hits you!!
You die...

#############################
'..#__#..')..#.(#.§.§§÷§.§§.+
#..'..††.#)..##'#.####§§§§§##
##'#__####...§.§#§# ##.§§##
.#.#### #####§)§§# #$###+#
##.# ##§####..$#y#.# #_.+
#§§.@^#..$###..###$# .._#
#§§§§§'..$$$##.#A#$# .#'#
###...#^....# .###$# +#.#
#.^.###++## ##..$# ### #.§##
+### #§§# ##+#


There were no monsters in sight!

Vanquished Creatures
  A lindwurm (D)
  A gargoyle (D)
  2 kobold demonologists (D)
  4 demonic crawlers (D)
  A slime creature (D)
  Sigmund (D)
  13 hogs (D)
  A yak (D)
  A floating eye (D)
  An ogre (D)
  A jelly (D)
  Ijyb (D)
28 creatures vanquished.

Notes
Turn   | Place    | Note
-------+----------+-------------------------------------------
     0 | D        | Deathmic the Troll Berserker began the quest for the Orb.
     0 | D        | Reached XP level 1. HP: 22/22 MP: 0/0
     2 | D        | Noticed Ijyb
    16 | D        | Killed Ijyb
    16 | D        | Reached skill level 4 in Unarmed Combat
    16 | D        | Reached XP level 2. HP: 31/31 MP: 1/1
    42 | D        | Noticed an ogre
    47 | D        | Killed an ogre
    47 | D        | Reached skill level 5 in Dodging
    47 | D        | Reached skill level 6 in Unarmed Combat
    47 | D        | Reached XP level 3. HP: 41/41 MP: 2/2
    47 | D        | Reached XP level 4. HP: 49/49 MP: 3/3
   106 | D        | Noticed Sigmund
   110 | D        | Killed Sigmund
   110 | D        | Reached ** piety under Trog
   110 | D        | Reached skill level 8 in Unarmed Combat
   110 | D        | Reached XP level 5. HP: 59/59 MP: 4/4
   110 | D        | Reached XP level 6. HP: 67/67 MP: 5/5
   178 | D        | Found a burning altar of Makhleb.
   178 | D        | Found a viscous altar of Jiyva.
   178 | D        | Found a shimmering altar of Xom.
   178 | D        | Found a corrupted altar of Lugonu.
   178 | D        | Noticed a slime creature
   184 | D        | Killed a slime creature
   184 | D        | Reached skill level 9 in Unarmed Combat
   215 | D        | Found an ornate altar of the Wu Jian Council.
   215 | D        | Found a deep blue altar of Sif Muna.
   217 | D        | Found a radiant altar of Vehumet.
   252 | D        | Found Keita's Antique Weapon Emporium.
   252 | D        | Found an ancient bone altar of Kikubaaqudgha.
   252 | D        | Found a hazy altar of Hepliaklqana.
   252 | D        | Found a stormy altar of Qazlal.
   252 | D        | Found a hide-covered altar of Uskayaw.
   252 | D        | Found a blossoming altar of Fedhas.
   252 | D        | Found a bloodstained altar of Trog.
   252 | D        | Found an iron altar of Okawaru.
   252 | D        | Found a basalt altar of Yredelemnul.
   252 | D        | Found a glowing golden altar of the Shining One.
   252 | D        | Found a snail-covered altar of Cheibriados.
   252 | D        | Found a sacrificial altar of Ru.
   252 | D        | Found a glowing silver altar of Zin.
   252 | D        | Found a shadowy altar of Dithmenos.
   252 | D        | Found a white marble altar of Elyvilon.
   252 | D        | Noticed a yak
   253 | D        | Found an opulent altar of Gozag.
   258 | D        | Killed a yak
   258 | D        | Reached *** piety under Trog
   258 | D        | Reached skill level 10 in Unarmed Combat
   258 | D        | Reached XP level 7. HP: 79/79 MP: 6/6
   259 | D        | Found a sparkling altar of Nemelex Xobeh.
   321 | D        | Noticed a kobold demonologist
   321 | D        | Noticed a kobold demonologist
   331 | D        | Killed a kobold demonologist
   331 | D        | Reached skill level 11 in Unarmed Combat
   337 | D        | Killed a kobold demonologist
   337 | D        | Reached **** piety under Trog
   337 | D        | Reached XP level 8. HP: 89/89 MP: 7/7
   342 | D        | Noticed a demonic crawler
   342 | D        | Noticed a demonic crawler
   342 | D        | Noticed a demonic crawler
   342 | D        | Noticed a demonic crawler
   346 | D        | Killed a demonic crawler
   346 | D        | Reached skill level 12 in Unarmed Combat
   353 | D        | Killed a demonic crawler
   355 | D        | HP: 6/138 [demonic crawler (6)]
   355 | D        | HP: 2/138 [demonic crawler (4)]
   492 | D        | Killed a demonic crawler
   492 | D        | Reached skill level 10 in Dodging
   492 | D        | Reached XP level 9. HP: 98/98 MP: 8/8
   499 | D        | Killed a demonic crawler
   499 | D        | Reached ***** piety under Trog
   499 | D        | Reached skill level 13 in Unarmed Combat
   556 | D        | Noticed a lindwurm
   567 | D        | Killed a lindwurm
   623 | D        | Reached skill level 14 in Unarmed Combat
   625 | D        | Received a gift from Trog
   642 | D        | Reached XP level 10. HP: 110/110 MP: 9/9
   644 | D        | Reached skill level 15 in Unarmed Combat
   650 | D        | Reached skill level 10 in Fighting
   716 | D        | Noticed a daeva
   732 | D        | Noticed a gargoyle
   743 | D        | Killed a gargoyle
   743 | D        | Reached ****** piety under Trog
   807 | D        | HP: 5/110 [something (25)]
   808 | D        | Annihilated by a lorocyproca

Vault maps used:
D:        dungeon_sprint_1

Skill      XL: |  1  2  3  4  5  6  7  8  9 10 |
---------------+-------------------------------+-----
Fighting       | 3 4 6 7 8 9 10 | 10.0
Dodging        | 3 5 6 7 9 10 11 12 | 12.4
Unarmed Combat | 4 6 8 10 11 12 14 15 | 15.3
Axes           | |  0.1
Stealth        | |  0.1

Action                   |  1- 3 |  4- 6 |  7- 9 | 10-12 || total
-------------------------+-------+-------+-------+-------++-------
Melee: Unarmed           |    17 |    13 |    62 |     8 ||   100
       Punch             |       |     1 |     8 |     3 ||    12
       Battleaxe         |       |       |       |     2 ||     2
Invok: Berserk           |     2 |     2 |     4 |       ||     8
  Use: Scroll            |       |       |     1 |       ||     1
       Potion            |       |       |       |     2 ||     2
  Eat: Chunk             |       |     7 |     6 |     8 ||    21
Armor: Animal skin       |     2 |     1 |    32 |     2 ||    37
Dodge: Dodged            |     6 |     5 |    65 |     5 ||    81

Table legend:
 A = Spawn XP
 B = Non-spawn XP
 C = Spawn XP percentage of total XP
 D = Spawn monster count
 E = Non-spawn monster count
 F = Spawn count percentage of total count
 G = Total turns spent on level
                    A         B        C        D         E        F      G
               +---------+---------+-------+---------+---------+-------+---------
         Total |       0 |    6763 |   0.0 |       0 |      28 |   0.0 |   808
               +---------+---------+-------+---------+---------+-------+---------
             D |       0 |    6763 |   0.0 |       0 |      28 |   0.0 |   808
               +---------+---------+-------+---------+---------+-------+---------
